[Event "WEM-KT 2018"]
[Site "Illertissen"]
[Date "2018.09.02"]
[Round "9"]
[White "Kohde, Janis"]
[Black "Jakob, Georg"]
[Result "1-0"]
[ECO "A48"]
[WhiteElo "1803"]
[BlackElo "2084"]
[Annotator "NA"]
[PlyCount "159"]
[EventDate "2018.08.25"]
[EventType "tourn"]
[EventCountry "GER"]
[SourceTitle "playchess.com"]
[Source "ChessBase"]
[SourceQuality "1"]
[TimeControl "40/6000+30:3000+30"]

1. d4 Nf6 2. Bf4 g6 3. Nf3 Bg7 4. e3 d6 5. h3 O-O 6. Nbd2 Nfd7 7. Bh2 {[%emt 0:03:26] A48: 1 d4 Nf6 2 Nf3 g6: Torre, London and Colle Systems} e5 8. c3 Nc6 9. Be2 {[%emt 0:00:45] LiveBook: 17 Games} Kh8 (9... f5 10. dxe5 dxe5 11. b4 Qe7 12. O-O g5 13. Qb3+ Kh8 14. b5 {1-0 (61) Kuzubov,Y (2695)-Firouzja,A (2549) Amol 2018}) 10. Qc2 f5 $146 ({Predecessor:} 10... a6 11. O-O f5 12. dxe5 dxe5 13. Rfd1 Qe7 14. Nf1 Nf6 {0-1 (42) Abdullah,J-Wrtal,A Bochum 1990}) 11. O-O-O e4 12. Ne1 Ne7 13. g4 d5 14. Bg3 (14. g5 $16) 14... c5 15. Ng2 a6 16. h4 b5 (16... fxg4 $11 17. h5 g5) 17. h5 b4 18. Nf4 bxc3 19. bxc3 ({Much less strong is} 19. Qxc3 $6 cxd4 20. exd4 fxg4) 19... cxd4 20. exd4 Qb6 $2 (20... g5 $16 {war nötig.} 21. h6 (21. Ne6 Qb6 $16) 21... gxf4 22. hxg7+ Kxg7 23. Bxf4 Kh8) 21. g5 $2 (21. hxg6 $18 Nxg6 22. Nxd5) 21... Bb7 22. Qb2 Qc6 23. Kb1 $2 (23. hxg6 $18 {and the rest is easy.} Nxg6 24. Nxg6+ Qxg6 25. Qxb7) 23... Nb6 $2 (23... Rfb8 $16) 24. h6 (24. Qb4 $142) 24... Bxd4 25. cxd4 Na4 26. Rc1 Nxb2 27. Rxc6 Nxc6 28. Kxb2 Nxd4 {[%emt 0:01:21] [#]} 29. Nxg6+ $1 hxg6 30. Be5+ Kh7 31. Bxd4 f4 32. Rc1 Rac8 33. Rxc8 Bxc8 34. Nb3 e3 {[%emt 0:03:53] [#]} (34... a5 $16 {war nötig.} 35. Bb5 (35. Nxa5 Rf5 $16) 35... e3) 35. f3 $1 ({Less strong is} 35. fxe3 f3 $16) 35... Rf7 36. Nc5 a5 37. Nd3 Ba6 38. Kc2 Rc7+ 39. Kd1 Bc4 $2 (39... Bxd3 $14 40. Bxd3 Rb7) 40. Nxf4 Bxa2 41. Bd3 Bb3+ 42. Ke2 Bc2 43. Nxd5 Bxd3+ 44. Kxd3 Rf7 45. Nf6+ Kh8 46. Kxe3 a4 47. Nd5+ Kh7 48. f4 a3 49. Nb4 Rb7 50. Nc2 Rb1 51. Kd2 a2 52. Na1 Rf1 53. Be5 Kg8 54. Kc2 Rf2+ 55. Kb3 Kh7 56. Nc2 Kg8 57. Nb4 Rxf4 58. Nxa2 Rf5 59. Bf6 Kh7 60. Nc3 Kg8 61. Kc4 Kh7 62. Nd5 Rf1 63. Bg7 Rc1+ 64. Kb3 Kg8 65. Bf6 Kh7 66. Nc3 Rf1 67. Kc4 Rf5 68. Nd5 Rf1 69. Kc5 Re1 70. Kd6 Rd1 71. Ke6 Rd2 72. Nf4 Ra2 73. Kf7 Ra7+ 74. Be7 Ra6 75. Ne6 Ra7 76. Nf8+ Kh8 77. Nxg6+ Kh7 78. Nf8+ Kh8 79. g6 Ra3 80. g7# 1-0